 Dungeon Crawl Stone Soup version 0.24-a0-203-gf0bc1e94ae (console) character file.

Game seed: 13453260082965485234

742 CedricFluffyTheSecon the Insei (level 7, -8/46 HPs)
             Began as an Octopode Monk on Mar 28, 2019.
             Mangled by a slave (10 damage)
             ... led by Pikel
             ... on level 5 of the Dungeon.
             The game lasted 00:09:48 (4961 turns).

CedricFluffyTheSecon the Insei (Octopode Monk)      Turns: 4961, Time: 00:09:48

Health: -8/46      AC:  1    Str: 10    XL:     7   Next: 76%
Magic:  7/7        EV: 16    Int: 12    God:
Gold:   244        SH:  0    Dex: 17    Spells: 6/6 levels left

rFire    . . .     SeeInvis .     - Unarmed
rCold    . . .     Gourm    .   (no shield)
rNeg     . . .     Faith    .   (helmet restricted)
rPois    .         Spirit   .   (no amulet)
rElec    .         Reflect  .   h - ring of stealth
rCorr    .         Harm     .   (no ring)
MR       .....                  (no ring)
Stlth    +++++.....             (no ring)
HPRegen  0.15/turn              (no ring)
MPRegen  0.10/turn              (no ring)
                                (no ring)
                                (no ring)

@: no status effects
A: almost no armour, stealthy swim, amphibious, 8 rings, constrict 8, camouflage
1, gelatinous body 1
a: no special abilities


You were on level 5 of the Dungeon.
You were not hungry.

You visited 2 branches of the dungeon, and saw 8 of its levels.

You collected 244 gold pieces.

Inventory:

Jewellery
 h - a ring of stealth (left tentacle)
 s - an uncursed amulet of regeneration {unknown}
Wands
 g - a wand of acid (14)
 m - a wand of paralysis (1)
Scrolls
 b - a scroll of magic mapping
 c - a scroll of identify
 f - 4 scrolls of remove curse
 j - a scroll of immolation {unknown}
 k - a scroll of fear {unknown}
 l - a scroll of enchant armour {unknown}
 o - a scroll of enchant weapon {unknown}
 p - 2 scrolls of teleportation {unknown}
 r - a scroll of blinking {unknown}
Potions
 d - a potion of invisibility {unknown}
 e - a potion of magic
 i - a potion of curing
 n - a potion of mutation {unknown}
 q - a potion of lignification {unknown}
Comestibles
 a - 12 rations


   Skills:
 + Level 3.6 Fighting
 * Level 4.4 Dodging
 + Level 6.3 Stealth
 * Level 6.8 Unarmed Combat


You had 6 spell levels left.
You didn't know any spells.
Your spell library contained the following spells:

 Spells                   Type           Power        Failure   Level  Hunger
 Corona                   Hex            #......      32%         1    ##.....
 Ensorcelled Hibernation  Hex/Ice        #.....       45%         2    ###....
 Confuse                  Hex            #.......     69%         3    ####...
 Dazzling Spray           Conj/Hex       #.....       69%         3    ####...
 Tukima's Dance           Hex            #.......     69%         3    ####...


Dungeon Overview and Level Annotations

Branches:
Dungeon (7/15)             Temple (1/1) D:4

Altars:
Ashenzari
Cheibriados
Dithmenos
Elyvilon
Fedhas
Gozag
Hepliaklqana
Kikubaaqudgha
Makhleb
Nemelex Xobeh
Okawaru
Qazlal
Ru
Sif Muna
Trog
Uskayaw
Vehumet
Wu Jian
Xom
Yredelemnul
The Shining One

Annotations:
D:5 Menkaure, Pikel


Innate Abilities, Weirdness & Mutations

You cannot wear most types of armour.
You are very stealthy in the water. (Stealth+)
You are amphibious.
You can wear up to eight rings at the same time.
You can use your tentacles to constrict eight enemies at once.
Your skin changes colour to match your surroundings (Stealth+).
Your rubbery body absorbs attacks. (AC +1, EV +1)


Message History

You constrict the slave.
You hear a shout!
The slave closely misses you.
You hear a shout!
You tentacle-slap the slave. You squeeze the slave.
The slave is almost dead.
You constrict the slave, but do no damage.
You hear a loud, deep croak!
You hear a zap.
Some rock shatters into small pieces.
The slave barely misses you.
You bludgeon the slave!
You kill the slave!
That felt strangely unrewarding.
The slave hits you.
* * * LOW HITPOINT WARNING * * *
The slave hits you.
* * * LOW HITPOINT WARNING * * *
Things that are here:
a +0 animal skin x2; 21 stones The slave hits you!
You die...

#....# #....#
#....##
#..... ####.#
#..# ##.#.#
####p##.#
#.op[@..#
#.K######
#.#,,,,*
#.#,<*,**
***#p#**,,,*
*,,ppK,+,,,*
*,.op##*,,,*
**...(# *,,,*
*.....#**,,,*


You could see Pikel, 2 slaves and an orc.

Vanquished Creatures
  2 slaves (D:5)
  A phantom (D:5)
  A scorpion (D:4)
  A crimson imp (D:5)
  2 bullfrog skeletons
  2 hounds
  5 orc wizards
  Ijyb (D:3)
  2 worker ants
  A hound skeleton (D:4)
  7 gnolls
  6 adders
  3 shadow imps
  2 worms
  3 leopard geckos (D:3)
  7 orcs
  10 bats
  2 giant cockroaches (D:1)
  9 goblins
  6 hobgoblins
  7 kobolds
  3 quokkas (D:4)
  5 frilled lizards
  6 rats
94 creatures vanquished.

Notes
Turn   | Place    | Note
-------+----------+-------------------------------------------
     0 | D:1      | CedricFluffyTheSecon the Octopode Monk began the quest for
                  | the Orb.
     0 | D:1      | Reached XP level 1. HP: 16/16 MP: 1/1
    95 | D:1      | Reached XP level 2. HP: 19/21 MP: 2/2
   640 | D:1      | Reached XP level 3. HP: 26/26 MP: 3/3
  1234 | D:2      | Reached XP level 4. HP: 10/31 MP: 4/4
  1473 | D:2      | Found a faded altar of an unknown god.
  2105 | D:3      | Reached XP level 5. HP: 36/36 MP: 5/5
  2459 | D:3      | Noticed Ijyb
  2467 | D:3      | Paralysed by Ijyb for 6 turns
  2478 | D:3      | Killed Ijyb
  2478 | D:3      | Reached skill level 5 in Unarmed Combat
  2490 | D:3      | Found a stormy altar of Qazlal.
  2492 | D:3      | Noticed an air elemental
  2493 | D:3      | Noticed a water elemental
  2493 | D:3      | Noticed a fire elemental
  2729 | D:4      | Reached skill level 5 in Stealth
  2729 | D:4      | Reached XP level 6. HP: 39/42 MP: 6/6
  2989 | D:4      | Found a staircase to the Ecumenical Temple.
  3158 | D:4      | Found a shattered altar of Ashenzari.
  3160 | D:4      | Found a hazy altar of Hepliaklqana.
  3162 | D:4      | Found an iron altar of Okawaru.
  3241 | D:5      | Entered Level 5 of the Dungeon
  3297 | D:5      | Noticed a phantom
  3393 | D:5      | Killed a phantom
  3393 | D:5      | Reached XP level 7. HP: 11/46 MP: 7/7
  3957 | D:5      | Noticed Menkaure
  4574 | Temple   | Entered the Ecumenical Temple
  4941 | D:5      | Noticed Pikel
  4960 | D:5      | HP: 1/46 [slave[Pikel] (5)]
  4961 | D:5      | Mangled by a slave

Levels and vault maps discovered:
D:1:      dpeg_arrival_subterranean_lakeside_camping, layout_basic,
          minmay_statues_item, corexii_corridor_pit, minmay_crystal_water,
          minmay_misc_feat_roman, st_stairs_8, serial_park_tiny_2,
          minmay_pentomino_v2
D:2:      layout_basic, first_ration, chequers_ecumenical_altar_simple_redux,
          grunt_decor_one_mirror
D:3:      layout_loops_ring, nrook_uturn, supply_closet_lemuel,
          nicolae_qazlal_style_of_elements, uniq_ijyb
D:4:      layout_loops_ring, minitemple, minmay_temple_entry_poolview
D:5:      layout_basic, uniq_sigmund, uniq_pikel, uniq_menkaure
D:6:      layout_loops_cross
D:7:      layout_loops_ring, eino_small_chamber_without_monster, grunt_livestock
Temple:   hc_temple_tempest_star

Skill      XL: |  1  2  3  4  5  6  7 |
---------------+----------------------+-----
Stealth        | 3 4 5 6 |  6.3
Unarmed Combat | 4 5 6 |  6.8
Dodging        | 4 |  4.4
Fighting       | |  3.6

Action                   |  1- 3 |  4- 6 |  7- 9 || total
-------------------------+-------+-------+-------++-------
Melee: Unarmed           |    71 |   143 |    50 ||   264
       Constrict         |    19 |    32 |    12 ||    63
       Tentacles         |    13 |    28 |    15 ||    56
       Punch             |       |     6 |     3 ||     9
  Use: Potion            |       |     3 |       ||     3
       Scroll            |       |       |     4 ||     4
 Stab: Sleeping          |    15 |    21 |     5 ||    41
  Eat: Chunk             |     1 |     6 |     2 ||     9
       Ration            |       |       |     1 ||     1
Armor: Skin              |     3 |     5 |     1 ||     9
Dodge: Dodged            |    40 |    89 |    23 ||   152

Table legend:
 A = Non-vault XP
 B = Vault XP
 C = Vault XP percentage of total XP
 D = Non-vault monster count
 E = Vault monster count
 F = Vault count percentage of total count
                 A         B        C        D         E       F
            +---------+---------+-------+---------+---------+-------
      Total |    1014 |      47 |   4.4 |      83 |       9 |   9.8
            +---------+---------+-------+---------+---------+-------
        D:1 |      31 |      12 |  27.9 |      20 |       8 |  28.6
        D:2 |      97 |       0 |   0.0 |      12 |       0 |   0.0
        D:3 |      90 |      35 |  28.0 |      21 |       1 |   4.5
        D:4 |     237 |       0 |   0.0 |      13 |       0 |   0.0
        D:5 |     460 |       0 |   0.0 |      12 |       0 |   0.0
        D:6 |      99 |       0 |   0.0 |       5 |       0 |   0.0
            +---------+---------+-------+---------+---------+-------
